Avalanche vs Flyers

Created - 20 février 2024 at 20:02

Goals
1 2 3 T
Avalanche 1 0 0 1
Flyers 1 0 1 2
Shots
1 2 3 T
Avalanche 20 9 5 34
Flyers 10 14 13 37

GoalsPenalties
1st period
1. Avalanche , Gustav Nyquist 13 (Ilya Mikheyev 21, Vitek Vanecek) at 8:50
2. Flyers , Viktor Arvidsson 10 (Kevin Fiala 29, Dylan Cozens 30) at 19:57
No Penalty
2nd period
No Goal
Travis Konecny (PHI) for Holding Stick (Minor) at 12:34
Vitek Vanecek (COL) for Delaying the game (Minor) at 18:31 - Brayden Point served the penalty
3rd period
3. Flyers , Gabriel Vilardi 20 (Calle Jarnkrok 13, Scott Laughton 22) at 9:48
No Penalty
Goalie Stats
Vitek Vanecek (COL), 35 saves from 37 shots - (0,946), L, 19-13-3, 60:00 minutes
Juuse Saros (PHI), 33 saves from 34 shots - (0,971), W, 32-7-4, 60:00 minutes
3 StarsOfficial
1 - Juuse Saros (PHI)
2 - Vitek Vanecek (COL)
3 - Gabriel Vilardi (PHI)
Referees : Tim Peel and Adam Bloski
Linesman : Libor Suchanek and Mark Shewchyk
Game Note
No Game Note
Finance
Level 1 -- Attendance: 5624 (93,73%) -- Ticket Income $534,280
Level 2 -- Attendance: 5000 (100,00%) -- Ticket Income $270,000
Level 3 -- Attendance: 2000 (100,00%) -- Ticket Income $66,000
Level 4 -- Attendance: 4000 (100,00%) -- Ticket Income $88,000
Luxury Box -- Attendance: 1000 (100,00%) -- Ticket Income $165,000
Game was played at the Spectrum.
Total Attendance: 17624 (97,91%)
Total Ticket Income: $1,123,280
Other Income: $550,407
Total Income: $1,673,687



Team Name Goals Shots Shots Attemp Shots Blocked PIM HIT PP PK FO%
Avalanche 13464102210 / 1 (0%)045%
Flyers 23767122210 / 1 (0%)055%

Avalanche
Player Name POS G A P +/- PIM HIT SHT SB MP PP MP PP SHT PK MP PK SHT FO% FOT GA TA
Adam HenriqueC/LW/RW0000023019:230:5700:00045% 2020
Andrew CoppC/LW000-2001115:400:0001:16137% 1901
Brayden PointC/LW/RW0000001020:021:0200:000100% 231
Gustav ForslingD000-2011023:290:5001:2500% 000
Gustav NyquistLW/RW101-2024214:170:0000:0000% 010
Ilya MikheyevLW/RW011-2007014:290:5700:0000% 110
Ivan BarbashevC/LW0001053015:290:0000:0000% 012
Jake SandersonD0001021119:160:5000:3400% 000
Josh AndersonLW/RW0000020010:291:0200:4300% 000
Juuso ParssinenC000000207:490:0000:0000% 001
Mathieu JosephC/LW/RW000001119:300:0001:1600% 100
Matt RoyD0001012217:040:0000:0000% 000
Nicolas RoyC/RW0001014016:180:0200:43075% 810
Nino NiederreiterLW/RW0001002016:321:0000:0000% 100
Ryan McDonaghD0000010020:050:0001:2500% 001
Samuel GirardD000-2011019:221:0900:3400% 000
Sean DurziD0000001320:161:0900:0000% 000
Zach PariseLW/RW0000020018:310:5700:0000% 100
Flyers
Player Name POS G A P +/- PIM HIT SHT SB MP PP MP PP SHT PK MP PK SHT FO% FOT GA TA
Brock FaberD0000010120:031:1500:5400% 001
Calle JarnkrokC/LW/RW0111004014:400:0000:5900% 102
Dylan CozensC/LW/RW0110010017:440:5600:55027% 1501
Gabriel VilardiC/LW/RW1011008113:350:0000:000100% 110
Joey AndersonRW0000001110:220:0000:5500% 000
John MarinoD0000011018:260:0001:0500% 002
John-Jason PeterkaC/LW/RW000001019:270:0000:0000% 000
Juuso ValimakiD0001023016:500:0000:0000% 000
Kaiden GuhleD0001023317:340:4400:0000% 000
Kevin FialaLW/RW0110013015:511:0310:080100% 100
Leon DraisaitlC/LW0000005019:151:0310:00069% 1310
MacKenzie WeegarD0000020024:001:1500:5400% 010
Noah HanifinD0000011123:070:4401:0500% 012
Patrick KaneLW/RW0000011318:041:0300:000100% 200
Scott LaughtonC/LW/RW0111021014:360:0001:01061% 1801
Travis KonecnyLW/RW0000251119:210:5600:0000% 010
Viktor ArvidssonLW/RW1010013015:380:5600:0000% 000
Wyatt JohnstonC000000209:270:0000:00050% 210

Avalanche

5 vs 5 Forward
Line #Left WingCenterRight WingPHYDFOFWanted %Time %Time Play
1Brayden PointAdam HenriqueZach Parise0323432%17:37
2Ivan BarbashevNicolas RoyNino Niederreiter0233229%16:16
3Gustav NyquistAndrew CoppIlya Mikheyev0232924%13:28
4Mathieu JosephJuuso ParssinenJosh Anderson032514%7:49
5 vs 5 Defense
Line #DefenseDefensePHYDFOFWanted %Time %Time Play
1Ryan McDonaghSean Durzi0323436%19:48
2Samuel GirardGustav Forsling0323230%16:47
3Jake SandersonMatt Roy0322931%17:04
4Sean DurziGustav Forsling03253%1:31
Power Play Forward
Line #Left WingCenterRight WingPHYDFOFWanted %Time %Time Play
1Josh AndersonBrayden PointNino Niederreiter0145252%1:02
2Zach PariseAdam HenriqueIlya Mikheyev0144848%0:57
Power Play Defense
Line #DefenseDefensePHYDFOFWanted %Time %Time Play
1Gustav ForslingJake Sanderson0235242%0:50
2Sean DurziSamuel Girard0234858%1:09
Penalty Kill 4 Players Forward
Line #CenterWingPHYDFOFWanted %Time %Time Play
1Andrew CoppMathieu Joseph0415564%1:16
2Nicolas RoyJosh Anderson0414536%0:43
Penalty Kill 4 Players Defense
Line #DefenseDefensePHYDFOFWanted %Time %Time Play
1Ryan McDonaghGustav Forsling0415571%1:25
2Jake SandersonSamuel Girard0414529%0:34
Penalty Kill 3 Players
Line #WingPHYDFOFWanted %Time %Time PlayDefenseDefensePHYDFOFWanted %Time %Time Play
1Mathieu Joseph050550%0:00 Ryan McDonaghGustav Forsling050550%0:00
2Nicolas Roy050450%0:00 Jake SandersonSamuel Girard050450%0:00
4 vs 4 Forward
Line #CenterWingPHYDFOFWanted %Time %Time Play
1Brayden PointZach Parise023600%0:00
2Adam HenriqueNino Niederreiter023400%0:00
4 vs 4 Defense
Line #DefensePHYDFOFWanted %Time %Time Play
1Ryan McDonaghGustav Forsling032600%0:00
2Jake SandersonSamuel Girard131400%0:00
Last Minutes Offensive
Left WingCenterRight WingDefenseDefense
Brayden PointAdam HenriqueNino NiederreiterRyan McDonaghGustav Forsling
Last Minutes Defensive
Left WingCenterRight WingDefenseDefense
Mathieu JosephAndrew CoppZach PariseRyan McDonaghGustav Forsling
Time
Total ForwardTotal DefenseLast Minutes OffensiveLast Minutes Defensive
60:00 60:00 0:520:00
Extra Forwards
Normal PowerPlayPenalty Kill
Nicolas Roy, Andrew Copp, Ivan BarbashevNicolas Roy, Andrew CoppNicolas Roy
Extra Defensemen
Normal PowerPlayPenalty Kill
Samuel Girard, Sean Durzi, Matt RoySamuel Girard, Samuel GirardSean Durzi
Penalty Shots
Gustav Nyquist, Matt Roy, Mathieu Joseph, Zach Parise, Brayden Point
Goalie
Vitek Vanecek, Thatcher Demko
Custom OT Lines Forwards
Brayden Point, Zach Parise, Josh Anderson, Nino Niederreiter, Nicolas Roy, Andrew Copp, Ivan Barbashev, Gustav Nyquist, Ilya Mikheyev, Mathieu Joseph
Custom OT Lines Defensemen
Ryan McDonagh, Gustav Forsling, Jake Sanderson, Samuel Girard, Sean Durzi
Scratches
Mason Appleton (Healthy), Erik Gustafsson (Healthy)

Flyers

5 vs 5 Forward
Line #Left WingCenterRight WingPHYDFOFWanted %Time %Time Play
1Travis KonecnyLeon DraisaitlPatrick Kane0323031%17:07
2Kevin FialaDylan CozensViktor Arvidsson0322827%14:42
3Calle JarnkrokScott LaughtonGabriel Vilardi0322625%13:35
4John-Jason PeterkaWyatt JohnstonJoey Anderson0321617%9:27
5 vs 5 Defense
Line #DefenseDefensePHYDFOFWanted %Time %Time Play
1Noah HanifinMacKenzie Weegar1313637%20:23
2John MarinoBrock Faber1313431%17:03
3Juuso ValimakiKaiden Guhle0323031%16:50
4Noah HanifinMacKenzie Weegar12201%0:35
Power Play Forward
Line #Left WingCenterRight WingPHYDFOFWanted %Time %Time Play
1Patrick KaneLeon DraisaitlKevin Fiala0055553%1:03
2Viktor ArvidssonDylan CozensTravis Konecny0054547%0:56
Power Play Defense
Line #DefenseDefensePHYDFOFWanted %Time %Time Play
1Brock FaberMacKenzie Weegar0235763%1:15
2Kaiden GuhleNoah Hanifin0234337%0:44
Penalty Kill 4 Players Forward
Line #CenterWingPHYDFOFWanted %Time %Time Play
1Scott LaughtonCalle Jarnkrok0505254%1:04
2Dylan CozensJoey Anderson0504846%0:55
Penalty Kill 4 Players Defense
Line #DefenseDefensePHYDFOFWanted %Time %Time Play
1John MarinoNoah Hanifin0505555%1:05
2MacKenzie WeegarBrock Faber0504545%0:54
Penalty Kill 3 Players
Line #WingPHYDFOFWanted %Time %Time PlayDefenseDefensePHYDFOFWanted %Time %Time Play
1Scott Laughton050530%0:00 John MarinoNoah Hanifin050550%0:00
2Dylan Cozens050470%0:00 MacKenzie WeegarBrock Faber050450%0:00
4 vs 4 Forward
Line #CenterWingPHYDFOFWanted %Time %Time Play
1Leon DraisaitlTravis Konecny023550%0:00
2Dylan CozensPatrick Kane023450%0:00
4 vs 4 Defense
Line #DefensePHYDFOFWanted %Time %Time Play
1Noah HanifinMacKenzie Weegar032600%0:00
2John MarinoKaiden Guhle032400%0:00
Last Minutes Offensive
Left WingCenterRight WingDefenseDefense
Patrick KaneLeon DraisaitlKevin FialaMacKenzie WeegarNoah Hanifin
Last Minutes Defensive
Left WingCenterRight WingDefenseDefense
Travis KonecnyLeon DraisaitlDylan CozensMacKenzie WeegarNoah Hanifin
Time
Total ForwardTotal DefenseLast Minutes OffensiveLast Minutes Defensive
60:00 60:00 0:001:11
Extra Forwards
Normal PowerPlayPenalty Kill
Gabriel Vilardi, Scott Laughton, Wyatt JohnstonGabriel Vilardi, Wyatt JohnstonKevin Fiala
Extra Defensemen
Normal PowerPlayPenalty Kill
Noah Hanifin, Kaiden Guhle, Brock FaberJohn Marino, John MarinoKaiden Guhle
Penalty Shots
Patrick Kane, Viktor Arvidsson, Leon Draisaitl, Calle Jarnkrok, Noah Hanifin
Goalie
Juuse Saros, Casey DeSmith
Custom OT Lines Forwards
Leon Draisaitl, Travis Konecny, Patrick Kane, Dylan Cozens, Kevin Fiala, Scott Laughton, Viktor Arvidsson, Gabriel Vilardi, Calle Jarnkrok, Wyatt Johnston
Custom OT Lines Defensemen
Brock Faber, Noah Hanifin, MacKenzie Weegar, John Marino, Kaiden Guhle
Scratches
Aaron Ekblad (Lacerated Left Calf Injury), Jesper Boqvist (Healthy)


Play-by-Play

1st period


0:01 of 1st period - Leon Draisaitl wins face-off versus Adam Henrique in neutral zone.
0:04 of 1st period - Ryan McDonagh is hit by Travis Konecny and loses puck.
0:30 of 1st period - Off-side.
0:31 of 1st period - Kevin Fiala wins face-off versus Nino Niederreiter in neutral zone.
0:49 of 1st period - Snap shot by Nino Niederreiter.
0:49 of 1st period - Shot Misses the Net.
0:53 of 1st period - Slapshot by Nicolas Roy.
0:53 of 1st period - Stopped by Juuse Saros without a rebound.
0:54 of 1st period - Andrew Copp wins face-off versus Scott Laughton in Flyers zone.
1:23 of 1st period - Backhand shot by Wyatt Johnston.
1:23 of 1st period - Shot Misses the Net.
1:44 of 1st period - Backhand shot by Juuso Parssinen.
1:44 of 1st period - Shot Blocked by Kaiden Guhle.
1:52 of 1st period - Backhand shot by Mathieu Joseph.
1:52 of 1st period - Shot Blocked by Kaiden Guhle.
1:54 of 1st period - Snap shot by Juuso Parssinen.
1:54 of 1st period - Deflect By Josh Anderson.
1:54 of 1st period - Shot Blocked by Joey Anderson.
1:54 of 1st period - Puck is out of play.
1:55 of 1st period - Adam Henrique wins face-off versus Leon Draisaitl in Flyers zone.
2:00 of 1st period - Snap shot by Adam Henrique.
2:00 of 1st period - Stopped by Juuse Saros with a rebound.
2:12 of 1st period - Wrist shot by Leon Draisaitl.
2:12 of 1st period - Stopped by Vitek Vanecek with a rebound.
2:22 of 1st period - Snap shot by Gabriel Vilardi.
2:22 of 1st period - Stopped by Vitek Vanecek without a rebound.
2:23 of 1st period - Andrew Copp wins face-off versus Scott Laughton in Avalanche zone.
2:28 of 1st period - Slapshot by Gustav Nyquist.
2:28 of 1st period - Stopped by Juuse Saros without a rebound.
2:29 of 1st period - Nicolas Roy wins face-off versus Dylan Cozens in Flyers zone.
2:54 of 1st period - Slapshot by Gustav Nyquist.
2:54 of 1st period - Deflect By Andrew Copp.
2:54 of 1st period - Shot Blocked by Gabriel Vilardi.
2:54 of 1st period - Puck is out of play.
2:55 of 1st period - Andrew Copp wins face-off versus Calle Jarnkrok in Flyers zone.
3:02 of 1st period - Slapshot by Ilya Mikheyev.
3:02 of 1st period - Shot Misses the Net.
3:04 of 1st period - Slapshot by Ilya Mikheyev.
3:04 of 1st period - Stopped by Juuse Saros without a rebound.
3:05 of 1st period - Leon Draisaitl wins face-off versus Adam Henrique in Flyers zone.
3:05 of 1st period - Leon Draisaitl is hit by Gustav Forsling.
3:40 of 1st period - Wrist shot by Kevin Fiala.
3:40 of 1st period - Shot Misses the Net.
3:42 of 1st period - Wrist shot by Noah Hanifin.
3:42 of 1st period - Stopped by Vitek Vanecek with a rebound.
4:22 of 1st period - Wrist shot by Juuso Parssinen.
4:22 of 1st period - Shot Blocked by John-Jason Peterka.
4:24 of 1st period - Snap shot by Mathieu Joseph.
4:24 of 1st period - Stopped by Juuse Saros without a rebound.
4:25 of 1st period - Leon Draisaitl wins face-off versus Adam Henrique in Flyers zone.
4:34 of 1st period - Wrist shot by Brayden Point.
4:34 of 1st period - Shot Misses the Net.
4:52 of 1st period - Dylan Cozens is hit by Ivan Barbashev and loses puck.
5:13 of 1st period - Snap shot by Ilya Mikheyev.
5:13 of 1st period - Shot Misses the Net.
5:15 of 1st period - Wrist shot by Andrew Copp.
5:15 of 1st period - Shot Misses the Net.
5:17 of 1st period - Wrist shot by Gustav Nyquist.
5:17 of 1st period - Shot Misses the Net.
5:19 of 1st period - Slapshot by Gustav Nyquist.
5:19 of 1st period - Stopped by Juuse Saros with a rebound.
5:21 of 1st period - Slapshot by Sean Durzi.
5:21 of 1st period - Stopped by Juuse Saros with a rebound.
5:25 of 1st period - Wrist shot by Ilya Mikheyev.
5:25 of 1st period - Shot Misses the Net.
6:53 of 1st period - Wrist shot by Ilya Mikheyev.
6:53 of 1st period - Stopped by Juuse Saros without a rebound.
6:54 of 1st period - Leon Draisaitl wins face-off versus Adam Henrique in Flyers zone.
7:11 of 1st period - Wrist shot by Adam Henrique.
7:11 of 1st period - Shot Blocked by Brock Faber.
7:44 of 1st period - Off-side.
7:45 of 1st period - Scott Laughton wins face-off versus Andrew Copp in neutral zone.
7:51 of 1st period - Slapshot by Gabriel Vilardi.
7:51 of 1st period - Stopped by Vitek Vanecek without a rebound.
7:52 of 1st period - Leon Draisaitl wins face-off versus Zach Parise in Avalanche zone.
7:55 of 1st period - Snap shot by Leon Draisaitl.
7:55 of 1st period - Shot Misses the Net.
8:22 of 1st period - Icing by Jake Sanderson.
8:23 of 1st period - Andrew Copp wins face-off versus Scott Laughton in Avalanche zone.
8:38 of 1st period - Wrist shot by Scott Laughton.
8:38 of 1st period - Deflect By Calle Jarnkrok.
8:38 of 1st period - Stopped by Vitek Vanecek with a rebound.
8:50 of 1st period - Slapshot by Gustav Nyquist.
8:50 of 1st period - Goal by Gustav Nyquist - Avalanche : 1 - Flyers : 0.
8:51 of 1st period - Nicolas Roy wins face-off versus Dylan Cozens in neutral zone.
8:58 of 1st period - Snap shot by Nino Niederreiter.
8:58 of 1st period - Stopped by Juuse Saros with a rebound.
9:00 of 1st period - Snap shot by Nicolas Roy.
9:00 of 1st period - Stopped by Juuse Saros with a rebound.
9:02 of 1st period - Snap shot by Nino Niederreiter.
9:02 of 1st period - Shot Misses the Net.
9:04 of 1st period - Wrist shot by Sean Durzi.
9:04 of 1st period - Shot Misses the Net.
9:09 of 1st period - Icing by John Marino.
9:10 of 1st period - Adam Henrique wins face-off versus Dylan Cozens in Flyers zone.
10:18 of 1st period - Ryan McDonagh is hit by Scott Laughton and loses puck.
10:25 of 1st period - Slapshot by Gabriel Vilardi.
10:25 of 1st period - Stopped by Vitek Vanecek without a rebound.
10:26 of 1st period - Patrick Kane wins face-off versus Adam Henrique in Avalanche zone.
10:39 of 1st period - Snap shot by Adam Henrique.
10:39 of 1st period - Stopped by Juuse Saros with a rebound.
11:00 of 1st period - Slapshot by Gustav Forsling.
11:00 of 1st period - Stopped by Juuse Saros with a rebound.
11:26 of 1st period - Snap shot by Nino Niederreiter.
11:26 of 1st period - Stopped by Juuse Saros with a rebound.
11:40 of 1st period - Snap shot by Viktor Arvidsson.
11:40 of 1st period - Shot Misses the Net.
11:42 of 1st period - Snap shot by Viktor Arvidsson.
11:42 of 1st period - Stopped by Vitek Vanecek without a rebound.
11:43 of 1st period - Adam Henrique wins face-off versus Dylan Cozens in Avalanche zone.
11:57 of 1st period - Icing by John Marino.
11:58 of 1st period - Nicolas Roy wins face-off versus Dylan Cozens in Flyers zone.
12:11 of 1st period - Wrist shot by Viktor Arvidsson.
12:11 of 1st period - Shot Hit the Post.
12:23 of 1st period - Brock Faber is hit by Adam Henrique and loses puck.
12:44 of 1st period - Snap shot by Gustav Nyquist.
12:44 of 1st period - Shot Misses the Net.
12:46 of 1st period - Snap shot by Matt Roy.
12:46 of 1st period - Deflect By Leon Draisaitl.
12:46 of 1st period - Stopped by Juuse Saros with a rebound.
12:48 of 1st period - Snap shot by Ilya Mikheyev.
12:48 of 1st period - Stopped by Juuse Saros with a rebound.
12:50 of 1st period - Slapshot by Samuel Girard.
12:50 of 1st period - Deflect By Travis Konecny.
12:50 of 1st period - Stopped by Juuse Saros without a rebound.
12:51 of 1st period - Nicolas Roy wins face-off versus Leon Draisaitl in Flyers zone.
12:56 of 1st period - Snap shot by Ivan Barbashev.
12:56 of 1st period - Shot Misses the Net.
12:58 of 1st period - Snap shot by Ivan Barbashev.
12:58 of 1st period - Stopped by Juuse Saros with a rebound.
13:00 of 1st period - Wrist shot by Nicolas Roy.
13:00 of 1st period - Stopped by Juuse Saros without a rebound.
13:01 of 1st period - Nicolas Roy wins face-off versus Leon Draisaitl in Flyers zone.
14:10 of 1st period - Noah Hanifin is hit by Jake Sanderson.
15:18 of 1st period - Snap shot by Nino Niederreiter.
15:18 of 1st period - Deflect By Ivan Barbashev.
15:18 of 1st period - Shot Blocked by Patrick Kane.
15:18 of 1st period - Puck is out of play.
15:19 of 1st period - Adam Henrique wins face-off versus Scott Laughton in Flyers zone.
15:53 of 1st period - Josh Anderson is hit by MacKenzie Weegar.
16:20 of 1st period - Wrist shot by Ilya Mikheyev.
16:20 of 1st period - Stopped by Juuse Saros without a rebound.
16:21 of 1st period - Brayden Point wins face-off versus Wyatt Johnston in Flyers zone.
16:30 of 1st period - John Marino is hit by Zach Parise and loses puck.
16:59 of 1st period - Slapshot by Viktor Arvidsson.
16:59 of 1st period - Stopped by Vitek Vanecek with a rebound.
17:01 of 1st period - Slapshot by John Marino.
17:01 of 1st period - Stopped by Vitek Vanecek with a rebound.
17:17 of 1st period - Mathieu Joseph is hit by Kevin Fiala and loses puck.
17:46 of 1st period - Joey Anderson is hit by Mathieu Joseph and loses puck.
19:21 of 1st period - Ilya Mikheyev is hit by MacKenzie Weegar and loses puck.
19:55 of 1st period - Icing by Brayden Point.
19:56 of 1st period - Dylan Cozens wins face-off versus Andrew Copp in Avalanche zone.
19:57 of 1st period - Snap shot by Kevin Fiala.
19:57 of 1st period - Deflect By Viktor Arvidsson.
19:57 of 1st period - Goal by Viktor Arvidsson - Avalanche : 1 - Flyers : 1.
19:58 of 1st period - Adam Henrique wins face-off versus Scott Laughton in neutral zone.
Goals for this period are 1 for Avalanche vs 1 for Flyers.
Shots for this period are 20 for Avalanche vs 10 for Flyers.

2nd period


0:01 of 2nd period - Scott Laughton wins face-off versus Adam Henrique in neutral zone.
0:06 of 2nd period - Wrist shot by Gabriel Vilardi.
0:06 of 2nd period - Shot Misses the Net.
0:08 of 2nd period - Slapshot by Kaiden Guhle.
0:08 of 2nd period - Stopped by Vitek Vanecek with a rebound.
0:10 of 2nd period - Slapshot by Calle Jarnkrok.
0:10 of 2nd period - Stopped by Vitek Vanecek without a rebound.
0:11 of 2nd period - Andrew Copp wins face-off versus Dylan Cozens in Avalanche zone.
0:11 of 2nd period - Andrew Copp is hit by Noah Hanifin.
0:27 of 2nd period - Snap shot by Ilya Mikheyev.
0:27 of 2nd period - Stopped by Juuse Saros with a rebound.
1:05 of 2nd period - Wrist shot by Ivan Barbashev.
1:05 of 2nd period - Stopped by Juuse Saros without a rebound.
1:06 of 2nd period - Wyatt Johnston wins face-off versus Andrew Copp in Flyers zone.
1:13 of 2nd period - Snap shot by Wyatt Johnston.
1:13 of 2nd period - Stopped by Vitek Vanecek with a rebound.
1:19 of 2nd period - Snap shot by Wyatt Johnston.
1:19 of 2nd period - Stopped by Vitek Vanecek with a rebound.
1:21 of 2nd period - Slapshot by Juuso Valimaki.
1:21 of 2nd period - Shot Misses the Net.
1:23 of 2nd period - Wrist shot by Joey Anderson.
1:23 of 2nd period - Stopped by Vitek Vanecek with a rebound.
1:25 of 2nd period - Slapshot by Wyatt Johnston.
1:25 of 2nd period - Shot Misses the Net.
1:27 of 2nd period - Slapshot by Kaiden Guhle.
1:27 of 2nd period - Stopped by Vitek Vanecek without a rebound.
1:28 of 2nd period - Adam Henrique wins face-off versus Dylan Cozens in Avalanche zone.
1:55 of 2nd period - John Marino is hit by Gustav Nyquist and loses puck.
2:22 of 2nd period - Wyatt Johnston is hit by Ryan McDonagh and loses puck.
2:39 of 2nd period - Leon Draisaitl is hit by Josh Anderson and loses puck.
2:46 of 2nd period - Backhand shot by Juuso Parssinen.
2:46 of 2nd period - Stopped by Juuse Saros without a rebound.
2:47 of 2nd period - Adam Henrique wins face-off versus Dylan Cozens in Flyers zone.
3:56 of 2nd period - Snap shot by Scott Laughton.
3:56 of 2nd period - Stopped by Vitek Vanecek with a rebound.
3:58 of 2nd period - Snap shot by Kaiden Guhle.
3:58 of 2nd period - Shot Blocked by Sean Durzi.
4:00 of 2nd period - Backhand shot by Juuso Valimaki.
4:00 of 2nd period - Shot Blocked by Sean Durzi.
4:02 of 2nd period - Snap shot by Scott Laughton.
4:02 of 2nd period - Shot Misses the Net.
4:04 of 2nd period - Snap shot by Gabriel Vilardi.
4:04 of 2nd period - Shot Blocked by Mathieu Joseph.
4:57 of 2nd period - Snap shot by Ilya Mikheyev.
4:57 of 2nd period - Stopped by Juuse Saros without a rebound.
4:58 of 2nd period - Adam Henrique wins face-off versus Dylan Cozens in Flyers zone.
5:07 of 2nd period - Off-side.
5:08 of 2nd period - Dylan Cozens wins face-off versus Adam Henrique in neutral zone.
5:15 of 2nd period - Snap shot by Kevin Fiala.
5:15 of 2nd period - Shot Misses the Net.
6:49 of 2nd period - Off-side.
6:50 of 2nd period - Leon Draisaitl wins face-off versus Ilya Mikheyev in neutral zone.
6:53 of 2nd period - Ilya Mikheyev is hit by John Marino and loses puck.
6:58 of 2nd period - Slapshot by Leon Draisaitl.
6:58 of 2nd period - Shot Blocked by Jake Sanderson.
7:00 of 2nd period - Snap shot by Brock Faber.
7:00 of 2nd period - Shot Blocked by Matt Roy.
7:02 of 2nd period - Slapshot by Brock Faber.
7:02 of 2nd period - Shot Blocked by Gustav Nyquist.
7:16 of 2nd period - Scott Laughton is hit by Ivan Barbashev and loses puck.
7:21 of 2nd period - Snap shot by Nicolas Roy.
7:21 of 2nd period - Stopped by Juuse Saros with a rebound.
8:22 of 2nd period - Gabriel Vilardi is hit by Matt Roy and loses puck.
10:01 of 2nd period - Icing by Kaiden Guhle.
10:02 of 2nd period - Scott Laughton wins face-off versus Adam Henrique in Flyers zone.
10:17 of 2nd period - Patrick Kane is hit by Samuel Girard and loses puck.
10:26 of 2nd period - Gustav Forsling is hit by Travis Konecny and loses puck.
11:02 of 2nd period - Jake Sanderson is hit by Kaiden Guhle and loses puck.
11:27 of 2nd period - Slapshot by Josh Anderson.
11:27 of 2nd period - Shot Blocked by Noah Hanifin.
11:29 of 2nd period - Slapshot by Juuso Parssinen.
11:29 of 2nd period - Stopped by Juuse Saros with a rebound.
11:47 of 2nd period - Wrist shot by Patrick Kane.
11:47 of 2nd period - Shot Blocked by Gustav Nyquist.
11:51 of 2nd period - Slapshot by Leon Draisaitl.
11:51 of 2nd period - Stopped by Vitek Vanecek without a rebound.
11:52 of 2nd period - Dylan Cozens wins face-off versus Nicolas Roy in Avalanche zone.
11:57 of 2nd period - Snap shot by Dylan Cozens.
11:57 of 2nd period - Shot Blocked by Matt Roy.
12:05 of 2nd period - Snap shot by Viktor Arvidsson.
12:05 of 2nd period - Shot Hit the Post.
12:15 of 2nd period - Ivan Barbashev is hit by Dylan Cozens.
12:34 of 2nd period - Minor Penalty to Travis Konecny for Holding Stick.
12:35 of 2nd period - Brayden Point wins face-off versus Scott Laughton in Flyers zone.
14:34 of 2nd period - Penalty to Travis Konecny is over, Travis Konecny is back on ice.
15:21 of 2nd period - Off-side.
15:22 of 2nd period - Andrew Copp wins face-off versus Dylan Cozens in neutral zone.
15:35 of 2nd period - Snap shot by Kevin Fiala.
15:35 of 2nd period - Stopped by Vitek Vanecek without a rebound.
15:36 of 2nd period - Scott Laughton wins face-off versus Nicolas Roy in Avalanche zone.
16:17 of 2nd period - Icing by Brayden Point.
16:18 of 2nd period - Scott Laughton wins face-off versus Adam Henrique in Avalanche zone.
16:21 of 2nd period - Wrist shot by Gabriel Vilardi.
16:21 of 2nd period - Stopped by Vitek Vanecek with a rebound.
17:15 of 2nd period - Snap shot by Ilya Mikheyev.
17:15 of 2nd period - Stopped by Juuse Saros without a rebound.
17:16 of 2nd period - Scott Laughton wins face-off versus Andrew Copp in Flyers zone.
17:23 of 2nd period - Snap shot by Gustav Nyquist.
17:23 of 2nd period - Stopped by Juuse Saros with a rebound.
17:25 of 2nd period - Slapshot by Matt Roy.
17:25 of 2nd period - Stopped by Juuse Saros without a rebound.
17:26 of 2nd period - Adam Henrique wins face-off versus Scott Laughton in Flyers zone.
17:41 of 2nd period - Snap shot by Scott Laughton.
17:41 of 2nd period - Shot Misses the Net.
17:53 of 2nd period - MacKenzie Weegar is hit by Nicolas Roy and loses puck.
18:21 of 2nd period - Slapshot by Kevin Fiala.
18:21 of 2nd period - Stopped by Vitek Vanecek without a rebound.
18:22 of 2nd period - Scott Laughton wins face-off versus Adam Henrique in Avalanche zone.
18:31 of 2nd period - Slapshot by Juuso Valimaki.
18:31 of 2nd period - Deflect By Gabriel Vilardi.
18:31 of 2nd period - Stopped by Vitek Vanecek without a rebound.
18:31 of 2nd period - Minor Penalty to Vitek Vanecek for Delaying the game.
18:32 of 2nd period - Patrick Kane wins face-off versus Andrew Copp in Avalanche zone.
18:33 of 2nd period - Wrist shot by Leon Draisaitl.
18:33 of 2nd period - Stopped by Vitek Vanecek without a rebound.
18:34 of 2nd period - Leon Draisaitl wins face-off versus Andrew Copp in Avalanche zone.
18:35 of 2nd period - Wrist shot by Kevin Fiala.
18:35 of 2nd period - Stopped by Vitek Vanecek with a rebound.
Goals for this period are 0 for Avalanche vs 0 for Flyers.
Shots for this period are 9 for Avalanche vs 14 for Flyers.

3rd period


0:01 of 3rd period - Andrew Copp wins face-off versus Leon Draisaitl in neutral zone.
0:12 of 3rd period - Slapshot by Andrew Copp.
0:12 of 3rd period - Stopped by Juuse Saros with a rebound.
0:31 of 3rd period - Penalty to Brayden Point is over, Brayden Point is back on ice.
1:57 of 3rd period - Snap shot by Ivan Barbashev.
1:57 of 3rd period - Stopped by Juuse Saros with a rebound.
2:21 of 3rd period - Wrist shot by Juuso Parssinen.
2:21 of 3rd period - Shot Blocked by Kaiden Guhle.
2:47 of 3rd period - Adam Henrique is hit by Patrick Kane and loses puck.
3:21 of 3rd period - Snap shot by Adam Henrique.
3:21 of 3rd period - Shot Blocked by Travis Konecny.
3:23 of 3rd period - Slapshot by Jake Sanderson.
3:23 of 3rd period - Stopped by Juuse Saros with a rebound.
3:33 of 3rd period - Slapshot by Adam Henrique.
3:33 of 3rd period - Shot Misses the Net.
4:35 of 3rd period - Leon Draisaitl is hit by Zach Parise and loses puck.
4:54 of 3rd period - Wrist shot by Brayden Point.
4:54 of 3rd period - Shot Blocked by Patrick Kane.
4:56 of 3rd period - Snap shot by Brayden Point.
4:56 of 3rd period - Stopped by Juuse Saros without a rebound.
4:57 of 3rd period - Gabriel Vilardi wins face-off versus Andrew Copp in Flyers zone.
5:22 of 3rd period - Viktor Arvidsson is hit by Ivan Barbashev and loses puck.
6:16 of 3rd period - Ilya Mikheyev is hit by Viktor Arvidsson.
6:20 of 3rd period - Dylan Cozens is hit by Gustav Nyquist and loses puck.
7:19 of 3rd period - Gabriel Vilardi is hit by Josh Anderson and loses puck.
7:34 of 3rd period - Nicolas Roy is hit by Brock Faber and loses puck.
8:21 of 3rd period - Mathieu Joseph is hit by Scott Laughton and loses puck.
9:07 of 3rd period - Icing by MacKenzie Weegar.
9:08 of 3rd period - Scott Laughton wins face-off versus Andrew Copp in Flyers zone.
9:10 of 3rd period - Icing by Brock Faber.
9:11 of 3rd period - Dylan Cozens wins face-off versus Andrew Copp in Flyers zone.
9:30 of 3rd period - Adam Henrique is hit by Juuso Valimaki and loses puck.
9:37 of 3rd period - Brayden Point is hit by Juuso Valimaki and loses puck.
9:42 of 3rd period - Snap shot by Leon Draisaitl.
9:42 of 3rd period - Stopped by Vitek Vanecek without a rebound.
9:43 of 3rd period - Scott Laughton wins face-off versus Andrew Copp in Avalanche zone.
9:44 of 3rd period - Wrist shot by Gabriel Vilardi.
9:44 of 3rd period - Shot Misses the Net.
9:46 of 3rd period - Snap shot by Calle Jarnkrok.
9:46 of 3rd period - Shot Misses the Net.
9:48 of 3rd period - Snap shot by Gabriel Vilardi.
9:48 of 3rd period - Goal by Gabriel Vilardi - Avalanche : 1 - Flyers : 2.
9:49 of 3rd period - Scott Laughton wins face-off versus Andrew Copp in neutral zone.
10:22 of 3rd period - Snap shot by Adam Henrique.
10:22 of 3rd period - Shot Misses the Net.
10:40 of 3rd period - MacKenzie Weegar is hit by Jake Sanderson and loses puck.
10:49 of 3rd period - Viktor Arvidsson is hit by Ivan Barbashev and loses puck.
11:04 of 3rd period - Wrist shot by John-Jason Peterka.
11:04 of 3rd period - Shot Misses the Net.
11:40 of 3rd period - Kaiden Guhle is hit by Adam Henrique and loses puck.
12:43 of 3rd period - Ilya Mikheyev is hit by Kaiden Guhle and loses puck.
12:48 of 3rd period - Wrist shot by Gabriel Vilardi.
12:48 of 3rd period - Stopped by Vitek Vanecek with a rebound.
12:50 of 3rd period - Snap shot by Scott Laughton.
12:50 of 3rd period - Shot Misses the Net.
12:52 of 3rd period - Backhand shot by Juuso Valimaki.
12:52 of 3rd period - Shot Hit the Post.
12:54 of 3rd period - Slapshot by Juuso Valimaki.
12:54 of 3rd period - Shot Blocked by Sean Durzi.
12:56 of 3rd period - Slapshot by Juuso Valimaki.
12:56 of 3rd period - Stopped by Vitek Vanecek with a rebound.
13:27 of 3rd period - Nicolas Roy is hit by John-Jason Peterka and loses puck.
14:30 of 3rd period - Wrist shot by Patrick Kane.
14:30 of 3rd period - Deflect By Leon Draisaitl.
14:30 of 3rd period - Shot Misses the Net.
14:30 of 3rd period - Puck is out of play.
14:31 of 3rd period - Leon Draisaitl wins face-off versus Adam Henrique in Avalanche zone.
14:34 of 3rd period - Snap shot by Patrick Kane.
14:34 of 3rd period - Stopped by Vitek Vanecek with a rebound.
14:44 of 3rd period - Wrist shot by Brayden Point.
14:44 of 3rd period - Shot Blocked by Patrick Kane.
14:46 of 3rd period - Slapshot by Jake Sanderson.
14:46 of 3rd period - Shot Misses the Net.
14:58 of 3rd period - Adam Henrique is hit by Travis Konecny and loses puck.
15:13 of 3rd period - Snap shot by Brayden Point.
15:13 of 3rd period - Shot Misses the Net.
15:15 of 3rd period - Slapshot by Adam Henrique.
15:15 of 3rd period - Stopped by Juuse Saros with a rebound.
15:25 of 3rd period - Wrist shot by Leon Draisaitl.
15:25 of 3rd period - Stopped by Vitek Vanecek with a rebound.
15:38 of 3rd period - Sean Durzi is hit by Travis Konecny and loses puck.
16:26 of 3rd period - Sean Durzi is hit by Travis Konecny and loses puck.
16:31 of 3rd period - Slapshot by Leon Draisaitl.
16:31 of 3rd period - Shot Misses the Net.
16:33 of 3rd period - Snap shot by Travis Konecny.
16:33 of 3rd period - Shot Misses the Net.
16:35 of 3rd period - Slapshot by Juuso Valimaki.
16:35 of 3rd period - Stopped by Vitek Vanecek with a rebound.
16:37 of 3rd period - Slapshot by Juuso Valimaki.
16:37 of 3rd period - Stopped by Vitek Vanecek with a rebound.
16:39 of 3rd period - Snap shot by Travis Konecny.
16:39 of 3rd period - Stopped by Vitek Vanecek with a rebound.
16:41 of 3rd period - Snap shot by Kaiden Guhle.
16:41 of 3rd period - Stopped by Vitek Vanecek without a rebound.
16:42 of 3rd period - Scott Laughton wins face-off versus Andrew Copp in Avalanche zone.
16:47 of 3rd period - Snap shot by Scott Laughton.
16:47 of 3rd period - Shot Blocked by Andrew Copp.
16:49 of 3rd period - Wrist shot by Calle Jarnkrok.
16:49 of 3rd period - Stopped by Vitek Vanecek with a rebound.
16:51 of 3rd period - Snap shot by Calle Jarnkrok.
16:51 of 3rd period - Stopped by Vitek Vanecek with a rebound.
16:53 of 3rd period - Wrist shot by Gabriel Vilardi.
16:53 of 3rd period - Stopped by Vitek Vanecek with a rebound.
17:14 of 3rd period - John Marino is hit by Ivan Barbashev.
18:06 of 3rd period - Icing by Nicolas Roy.
18:07 of 3rd period - Nicolas Roy wins face-off versus Dylan Cozens in Avalanche zone.
18:12 of 3rd period - Wrist shot by Nino Niederreiter.
18:12 of 3rd period - Shot Misses the Net.
18:46 of 3rd period - Wrist shot by Sean Durzi.
18:46 of 3rd period - Shot Misses the Net.
18:48 of 3rd period - Snap shot by Josh Anderson.
18:48 of 3rd period - Deflect By Wyatt Johnston.
18:48 of 3rd period - Shot Misses the Net.
18:48 of 3rd period - Puck is out of play.
18:49 of 3rd period - Lindy Ruff call a timeout for Avalanche.
18:49 of 3rd period - Leon Draisaitl wins face-off versus Mathieu Joseph in Flyers zone.
Goals for this period are 0 for Avalanche vs 1 for Flyers.
Shots for this period are 5 for Avalanche vs 13 for Flyers.